 Dungeon Crawl Stone Soup version 0.29.0-10-g45618ea6d2 (webtiles) character file.

Game seed: 17000152210329863281

455 nickcage the Chiller (level 6, 0/45 HPs)
             Began as a Draconian Ice Elementalist on Sept 1, 2022.
             Killed from afar by a white imp (7 damage)
             ... with a puff of frost
             ... summoned by Eustachio
             ... on level 4 of the Dungeon.
             The game lasted 00:12:33 (3624 turns).

nickcage the Chiller (Draconian Ice Elementalist)   Turns: 3624, Time: 00:12:34

Health: 0/45       AC: 14    Str: 10    XL:     6   Next: 76%
Magic:  8/12       EV: 12    Int: 18    God:
Gold:   188        SH:  0    Dex: 11    Spells: 2/13 levels left

rFire   . . .      SeeInvis .   o - +4 dagger (vamp)
rCold   . . .      Faith    .   (no shield)
rNeg    . . .      Spirit   .   (body armour unavailable)
rPois   .          Reflect  .   t - +1 hat
rElec   .          Harm     .   (no cloak)
rCorr   .          Rampage  .   (no gloves)
Will    .....                   (no boots)
Stlth   ++........              (no amulet)
HPRegen 0.15/turn               (no ring)
MPRegen 0.13/turn               (no ring)

@: ice-armoured, freezing walls
A: AC +6, unfitting armour, cold-blooded
a: no special abilities


You were on level 4 of the Dungeon.
You visited 1 branch of the dungeon, and saw 4 of its levels.

You collected 188 gold pieces.

Inventory:

Hand Weapons
 d - a +0 dagger
 o - a +4 vampiric dagger (weapon)
Missiles
 c - a poisoned dart
Armour
 t - a +1 hat (worn)
Wands
 q - a wand of iceblast (7)
 w - a wand of flame (9)
Scrolls
 b - 3 scrolls of vulnerability {unknown}
 e - a scroll of fear {unknown}
 f - 2 scrolls of poison {unknown}
 h - a scroll of enchant weapon {unknown}
 k - 4 scrolls of identify {unknown}
 m - a scroll of silence {unknown}
 n - a scroll of enchant armour {unknown}
 p - a scroll of magic mapping {unknown}
Potions
 a - 2 potions of magic
 g - 2 potions of flight {unknown}
 i - a potion of lignification {unknown}
 j - a potion of resistance {unknown}
 l - a potion of attraction {unknown}
 r - a potion of cancellation {unknown}
 s - 2 potions of might {unknown}
 u - 2 potions of degeneration {unknown}
 v - 4 potions of curing {unknown}
 x - a potion of brilliance {unknown}


   Skills:
 * Level 1.7 Short Blades
 - Level 1.7 Dodging
 - Level 1.7 Stealth
 - Level 4.1 Spellcasting
 + Level 6.8 Ice Magic


You had 2 spell levels left.
You knew the following spells:

 Your Spells              Type           Power      Damage    Failure   Level
a - Freeze                Ice            100%       1d11      1%          1
b - Frozen Ramparts       Ice            56%        1d9       2%          3
c - Ozocubu's Armour      Ice            28%        N/A       2%          3
d - Hailstorm             Conj/Ice       15%        3d5       34%         4

Your spell library contained the following spells:

 Spells                   Type           Power      Damage    Failure   Level
 Foxfire                  Conj/Fire      12%        2x1d4     14%         1
 Conjure Flame            Conj/Fire      3%         6-21      41%         3
 Inner Flame              Hex/Fire       3%         N/A       41%         3
 Flame Wave               Conj/Fire      3%         2d5       82%         4


Dungeon Overview and Level Annotations

Branches:
Dungeon (4/15)             Temple (0/1) D:4

Altars:
Uskayaw
Xom
Lugonu

Shops:
D:2 =

Portals:
Abyss: D:1

Annotations:
D:1 2 runed translucent doors
D:4 Eustachio


Innate Abilities, Weirdness & Mutations

Your plain brown scales are hard. (AC +6)
You cannot fit into any form of body armour.
You are cold-blooded and may be slowed by cold attacks.


Message History

The iron imp disappears in a puff of smoke!
The quokka barely misses you. Eustachio hits you but does no damage.
The quokka bites you but does no damage.
Casting: Freeze (safe; 1% risk of failure)
Confirm with . or Enter, or press ? or * to list all spells.
Casting: Frozen Ramparts (dangerous; 2% risk of failure)
Press: ? - help, Dir - look around, f - activate The walls around you are covered in ice.
The ufetubus resists.
The wall freezes the ufetubus.
The wall freezes the iron imp but does no damage.
The wall freezes Eustachio.
Eustachio misses you.
The wall freezes the quokka.
You kill the quokka!
The quokka's corpse disappears in a puff of smoke!
The white imp resists.
The wall freezes the white imp.
The white imp gestures at you. The puff of frost hits you!
* * * LOW HITPOINT WARNING * * *
Aiming: Freeze (safe; 1% risk of failure)
Press: ? - help, Q - select action, (/) - cycle Shift-Dir - straight line, f - Eustachio
Aim: Eustachio, wielding a +0 rapier and wearing a +1 leather armour of willpower (heavily wounded)
You freeze Eustachio.
Eustachio is severely wounded.
The ufetubus resists.
The wall freezes the ufetubus.
The wall freezes Eustachio.
Eustachio hits you but does no damage.
The wall freezes the white imp but does no damage.
The white imp hits you but does no damage.
Aiming: Freeze (safe; 1% risk of failure)
Press: ? - help, Q - select action, (/) - cycle Shift-Dir - straight line, f/p - Eustachio
Aim: Eustachio, wielding a +0 rapier and wearing a +1 leather armour of willpower (severely wounded)
You freeze Eustachio.
Eustachio is almost dead.
The ufetubus resists.
The wall freezes the ufetubus.
The wall freezes Eustachio.
Eustachio hits you but does no damage.
The iron imp resists.
The wall freezes the iron imp.
The ufetubus completely resists.
The wall freezes the ufetubus but does no damage.
The white imp resists.
The wall freezes the white imp.
The white imp gestures at you. The puff of frost hits you!
You die...

...................)..#
........#.............##
.o......####..##.....)##
>...................†.##
.......####.#.##....†...
............#.#.........
.......)................
.....##5§<..............
.....5@@#####.....###...
#...#5### #...### #...
#. ... ....# ##.. ....
.## ### .#.#. # #.⌠# #
..


You could see Eustachio, an iron imp (summoned), a white imp (summoned) and an
ufetubus (summoned).

Vanquished Creatures
  Sigmund (D:2)
  A jelly (D:4)
  An orc priest (D:4)
  Ijyb (D:3)
  Natasha (D:2)
  Robin (D:2)
  2 adders
  5 gnolls
  3 worms
  3 dart slugs
  An orc (D:3)
  5 ball pythons
  7 bats
  6 endoplasms
  4 giant cockroaches
  5 goblins (D:2)
  6 hobgoblins
  4 jackals (D:3)
  8 kobolds
  6 quokkas
  6 frilled lizards
  4 rats
81 creatures vanquished.

Notes
Turn   | Place    | Note
-------+----------+-------------------------------------------
     0 | D:1      | nickcage the Draconian Ice Elementalist began the quest for
                  | the Orb.
     0 | D:1      | Reached XP level 1. HP: 14/14 MP: 3/3
    65 | D:1      | Found a large runed translucent door.
    65 | D:1      | Found a large runed translucent door.
   341 | D:1      | Found a one-way gate to the infinite horrors of the Abyss.
   341 | D:1      | Noticed a quasit
   341 | D:1      | Noticed an iron imp
   341 | D:1      | Noticed an iron imp
   341 | D:1      | Noticed an iron imp
   342 | D:1      | Noticed a quasit
   342 | D:1      | Noticed a crimson imp
   343 | D:1      | Found a corrupted altar of Lugonu.
   343 | D:1      | Noticed a crimson imp
   343 | D:1      | Noticed an iron imp
   483 | D:1      | Reached XP level 2. HP: 20/20 MP: 3/5
   741 | D:1      | Reached XP level 3. HP: 26/26 MP: 1/6
  1307 | D:2      | Found Ceere's Jewellery Emporium.
  1498 | D:2      | Learned a level 3 spell: Frozen Ramparts
  1502 | D:2      | Learned a level 3 spell: Ozocubu's Armour
  1569 | D:2      | Noticed Natasha
  1575 | D:2      | Killed Natasha
  1576 | D:2      | Reached skill level 5 in Ice Magic
  1576 | D:2      | Reached XP level 4. HP: 32/33 MP: 3/8
  1666 | D:2      | Noticed Sigmund
  1680 | D:2      | Killed Sigmund
  1681 | D:2      | Reached XP level 5. HP: 25/38 MP: 0/11
  1863 | D:2      | Found a faded altar of an unknown god.
  1907 | D:2      | Noticed Robin
  1910 | D:2      | Reached skill level 6 in Ice Magic
  1912 | D:2      | Killed Robin
  1913 | D:2      | Reached XP level 6. HP: 45/45 MP: 5/12
  2650 | D:3      | Reached skill level 1 in Short Blades
  2763 | D:3      | Found a shimmering altar of Xom.
  2901 | D:3      | Noticed Ijyb
  2908 | D:3      | Killed Ijyb
  3280 | D:3      | Found a hide-covered altar of Uskayaw.
  3446 | D:4      | Learned a level 4 spell: Hailstorm
  3602 | D:4      | Noticed Eustachio
  3605 | D:4      | Found a staircase to the Ecumenical Temple.
  3624 | D:4      | Killed from afar by a white imp

Illustrated notes

Levels and vault maps discovered:
D:1:      erik_arrival_cave_to_civilisation [erik_arrival_cave_to_temple],
          layout_basic, chequers_serial_rivers_micro_d
D:2:      layout_loops_ring, chequers_ecumenical_altar_grove, serial_shops,
          shop, uniq_robin, uniq_sigmund, uniq_natasha
D:3:      layout_loops_cross, mainiacjoe_overflow_small_starburst,
          marbit_many_paths, minmay_cupped, uniq_ijyb
D:4:      layout_rooms, kennysheep_little_box, pdpol_wu_jian_five_deadly_venoms,
          lemuel_coloured_pillars_altar, evilmike_ruin_ashenzari,
          minmay_temple_entry_proselytizer, gammafunk_ghost_gnarly_gnolls,
          uniq_eustachio

Skill      XL: |  1  2  3  4  5  6 |
---------------+-------------------+-----
Ice Magic      | 5 6 |  6.8
Spellcasting   | 4 |  4.1
Short Blades   | 1 |  1.7
Dodging        | |  1.7
Stealth        | |  1.7

Action                   |  1- 3 |  4- 6 || total
-------------------------+-------+-------++-------
Melee: Dagger            |    23 |    34 ||    57
       Tailslap          |     1 |     5 ||     6
Throw: Boomerang         |    23 |    24 ||    47
       Dart              |       |     4 ||     4
 Cast: Freeze            |    30 |    33 ||    63
       Frozen Ramparts   |     1 |    11 ||    12
       Ozocubu's Armour  |       |     7 ||     7
Evoke: Wand              |       |     3 ||     3
  Use: Potion            |       |     1 ||     1
 Stab: Sleeping          |     1 |     4 ||     5
Armor: Skin              |    18 |    19 ||    37
Dodge: Dodged            |    39 |    41 ||    80
